 Dungeon Crawl Stone Soup version 0.26-b1-32-g5d43845318 (webtiles) character file.

Game seed: 6942981282870756525

5633 MisterFreud the Carver (level 10, -2/89 (93) HPs)
             Began as a Minotaur Fighter on Jan 10, 2021.
             Was a Priest of Ru.
             Slain by a yak (9 damage)
             ... on level 3 of the Lair of Beasts.
             The game lasted 00:10:58 (10673 turns).

MisterFreud the Carver (Minotaur Fighter)          Turns: 10673, Time: 00:10:59

HP:   -2/89 (93)    AC: 21    Str: 25    XL:     10   Next: 46%
MP:   9/9           EV:  7    Int:  5    God:    Ru [***...]
Gold: 530           SH:  7    Dex:  9    Spells: 9/9 levels left

rFire    . . .     SeeInvis .   N - +4 scimitar (curse)
rCold    . . .     Faith    .   i - +2 buckler
rNeg     . . .     Spirit   .   t - +0 plate armour
rPois    +         Reflect  .   R - +2 hat
rElec    .         Harm     .   L - +0 cloak
rCorr    .         Rampage  .   (no gloves)
Will     .....                  y - +2 pair of boots
Stlth    ..........             (no amulet)
HPRegen  0.24/turn              g - ring of poison resistance
MPRegen  0.11/turn              (no ring)

@: exhausted, lightly drained
A: retaliatory headbutt, horns 2, inability to train dodging, inexperienced 1
a: Renounce Religion, Draw Out Power


You were on level 3 of the Lair of Beasts.
You worshipped Ru.
Ru was most pleased with you.
You visited 3 branches of the dungeon, and saw 14 of its levels.
You also visited: Sewer.

You collected 530 gold pieces.

Inventory:

Hand Weapons
 a - a +0 long sword
 N - a cursed +4 scimitar (weapon)
Missiles
 x - 8 boomerangs (quivered)
 z - a throwing net
 K - 3 boomerangs of dispersal
Armour
 b - a +0 scale mail
 c - a +0 kite shield
 i - a +2 buckler (worn)
 t - a +0 plate armour (worn)
 y - a +2 pair of boots (worn)
 L - a +0 cloak (worn)
 R - a +2 hat (worn)
Jewellery
 g - a ring of poison resistance (left hand)
 F - an uncursed ring of wizardry {unknown}
 G - an uncursed amulet of guardian spirit {unknown}
 O - a +6 ring of intelligence {unknown}
 T - a cursed amulet of inaccuracy {unknown}
 U - an uncursed ring of ice
Wands
 I - a wand of acid (5)
 M - a wand of digging (7)
 V - a wand of paralysis (10)
 W - a wand of iceblast (11)
Scrolls
 e - 10 scrolls of teleportation {unknown}
 h - 7 scrolls of enchant weapon {unknown}
 j - 13 scrolls of identify {unknown}
 k - 4 scrolls of remove curse {unknown}
 l - 6 scrolls of amnesia {unknown}
 o - a scroll of fog {unknown}
 r - 2 scrolls of random uselessness {unknown}
 s - 2 scrolls of noise {unknown}
 u - 2 scrolls of fear {unknown}
 v - a scroll of blinking {unknown}
 B - 4 scrolls of magic mapping {unknown}
 H - a scroll of immolation {unknown}
 S - 3 scrolls of enchant armour {unknown}
Potions
 d - a potion of might
 f - 3 potions of lignification {unknown}
 m - 3 potions of haste {unknown}
 n - 3 potions of curing {unknown}
 p - a potion of brilliance {unknown}
 q - 2 potions of magic {unknown}
 w - a potion of invisibility {unknown}
 A - 3 potions of heal wounds {unknown}
 C - a potion of resistance {unknown}
 D - a potion of attraction {unknown}
 E - 2 potions of degeneration {unknown}
 J - 3 potions of flight {unknown}
 P - a potion of berserk rage {unknown}
 Q - a potion of mutation {unknown}


   Skills:
 - Level 10.0 Fighting
 - Level 14.0 Long Blades
 + Level 9.6 Armour
 + Level 6.5 Shields


You had 9 spell levels left.
You didn't know any spells.
Your spell library contained the following spells:

 Spells                   Type           Power        Failure   Level
 Animate Skeleton         Necr           0%           99%         1
 Apportation              Tloc           0%           99%         1
 Corona                   Hex            0%           99%         1
 Sandblast                Erth           0%           99%         1
 Summon Small Mammal      Summ           0%           99%         1
 Blink                    Tloc           N/A          100%        2
 Passwall                 Tmut/Erth      0%           100%        2
 Lesser Beckoning         Tloc           0%           100%        3
 Stone Arrow              Conj/Erth      0%           100%        3
 Petrify                  Tmut/Erth      0%           100%        4
 Lee's Rapid Deconstruct  Erth           0%           100%        5
 Malign Gateway           Summ/Tloc      0%           100%        7
 Disjunction              Tloc           0%           100%        8


Dungeon Overview and Level Annotations

Branches:
Dungeon (10/15)            Temple (1/1) D:6            Lair (3/6) D:8
    Orc (0/2) D:10          Sewer (visited)
  Swamp: Lair:2-4    Shoals: Lair:2-4     Snake: Lair:2-4    Spider: Lair:2-4

Altars:
Ashenzari
Cheibriados
Dithmenos
Elyvilon
Fedhas
Gozag
Hepliaklqana
Kikubaaqudgha
Makhleb
Nemelex Xobeh
Okawaru
Qazlal
Ru
Sif Muna
Trog
Uskayaw
Vehumet
Wu Jian
Xom
Yredelemnul
Zin
The Shining One

Shops:
D:4 }   D:5 }


Innate Abilities, Weirdness & Mutations

You reflexively headbutt those who attack you in melee.
You have a pair of horns on your head.
You cannot train Dodging skill.
You are somewhat inexperienced. (-2 XL)


Message History

You are restored by drawing out deep reserves of power within.
You feel drained. The yak closely misses you.
The black mamba barely misses you. The yak gores you.
* * * LOW HITPOINT WARNING * * *
The polar bear bites you!
* * * LOW HITPOINT WARNING * * *
The polar bear claws you but does no damage.
The polar bear closely misses you.
Unknown command.
You hit the polar bear.
The polar bear is lightly wounded.
The yak gores you but does no damage.
You hit the polar bear but do no damage.
The polar bear is lightly wounded.
The yak gores you.
* * * LOW HITPOINT WARNING * * *
You block the polar bear's attack.
The polar bear claws you but does no damage. x2
The yak gores you!
You die...

..............#
.............##
##............##
#..............#
#.............##
#..............#
#.............#
##...YSh......##
#..P.Y@.......#
##.P.#####P####
### ###


You could see a polar bear, a black mamba (blind) and 2 yaks.

Vanquished Creatures
  Fannar (Lair:1)
  A hydra (Lair:1)
  A catoblepas (Lair:3)
  A black mamba (Lair:1)
  A centaur skeleton (D:10)
  6 yaks
  2 wargs (D:10)
  2 water moccasins (Lair:1)
  2 sky beasts
  A black bear (Lair:1)
  Purgy (Sewer)
  An orc warrior (D:9)
  A phantom (D:5)
  An eye of draining (D:9)
  3 ogres
  2 centaurs
  A big kobold (D:9)
  6 bullfrogs
  5 scorpions
  7 wights
  2 howler monkeys
  A bullfrog zombie (D:6)
  A quasit (D:6)
  4 bullfrog skeletons
  2 orc priests
  4 hounds
  2 jellies (D:9)
  Natasha (D:2)
  An iguana (D:5)
  2 orc wizards
  2 worker ants
  A hound zombie (D:9)
  3 worker ant zombies
  5 gnolls
  A howler monkey skeleton (D:7)
  16 adders
  A shadow imp (D:7)
  4 white imps
  An ooze (D:2)
  An adder zombie (D:7)
  4 worms
  5 dart slugs
  2 leopard geckos
  21 orcs
  10 bats
  5 giant cockroaches
  8 goblins
  8 hobgoblins
  13 jackals
  3 quokkas
  7 frilled lizards
  A jackal skeleton (D:7)
  15 kobolds
  3 rats
206 creatures vanquished.

Vanquished Creatures (others)
  A komodo dragon (Lair:1)
  An orc warrior (D:9)
  A fungus (Lair:1)
  3 plants
6 creatures vanquished.

Grand Total: 212 creatures vanquished

Notes
Turn   | Place    | Note
-------+----------+-------------------------------------------
     0 | D:1      | MisterFreud the Minotaur Fighter began the quest for the
                  | Orb.
     0 | D:1      | Reached XP level 1. HP: 19/19 MP: 0/0
   101 | D:1      | Reached skill level 3 in Long Blades
   211 | D:1      | Reached XP level 2. HP: 17/26 MP: 1/1
   394 | D:1      | Reached skill level 4 in Long Blades
   528 | D:1      | Reached XP level 3. HP: 29/31 MP: 2/2
  1283 | D:2      | Noticed Natasha
  1288 | D:2      | Killed Natasha
  1289 | D:2      | Reached skill level 5 in Long Blades
  1289 | D:2      | Reached XP level 4. HP: 33/39 MP: 3/3
  1828 | D:3      | Reached skill level 6 in Long Blades
  2124 | D:3      | Reached XP level 5. HP: 45/45 MP: 4/4
  2854 | D:4      | Found a glowing drain.
  2895 | Sewer    | Entered a sewer
  2983 | Sewer    | Noticed Purgy
  2995 | Sewer    | Killed Purgy
  2996 | Sewer    | Reached skill level 7 in Long Blades
  2996 | Sewer    | Reached skill level 5 in Armour
  2996 | Sewer    | Reached XP level 6. HP: 45/51 MP: 5/5
  3176 | D:4      | Found Rymanih's Gadget Shoppe.
  3266 | D:4      | Found a broken altar of Ashenzari.
  3655 | D:4      | Reached XP level 7. HP: 57/57 MP: 6/6
  3866 | D:4      | Reached skill level 8 in Long Blades
  4004 | D:5      | Entered Level 5 of the Dungeon
  4594 | D:5      | Reached skill level 9 in Long Blades
  4659 | D:5      | Reached XP level 8. HP: 62/64 MP: 7/7
  4952 | D:5      | Found Plog's Gadget Emporium.
  5233 | D:5      | Found a radiant altar of Vehumet.
  5760 | D:6      | Reached skill level 10 in Long Blades
  6126 | D:6      | Found a staircase to the Ecumenical Temple.
  6163 | Temple   | Entered the Ecumenical Temple
  6581 | D:7      | Reached skill level 5 in Fighting
  6626 | D:7      | Found a sacrificial altar of Ru.
  6643 | D:7      | Became a worshipper of Ru the Awakened
  7093 | D:7      | Found a glowing silver altar of Zin.
  7375 | D:8      | Found a glowing golden altar of the Shining One.
  7475 | D:8      | Reached skill level 11 in Long Blades
  7708 | D:8      | Reached XP level 9. HP: 67/75 MP: 8/8
  7810 | D:8      | Gained mutation: You are somewhat inexperienced. (-2 XL)
                  | [Ru sacrifice]
  7810 | D:8      | Reached XP level 8. HP: 71/71 MP: 7/7
  7810 | D:8      | Reached XP level 7. HP: 64/64 MP: 6/6
  7810 | D:8      | Reached * piety under Ru
  7810 | D:8      | Reached ** piety under Ru
  7893 | D:8      | Found a stormy altar of Qazlal.
  7978 | D:8      | Found a staircase to the Lair.
  8220 | D:9      | Identified the Guide on the Compass
  8504 | D:9      | Reached XP level 8. HP: 73/73 MP: 7/7
  8847 | D:9      | Reached skill level 12 in Long Blades
  9006 | D:9      | Reached XP level 9. HP: 78/83 MP: 8/8
  9067 | D:9      | Found an ornate altar of the Wu Jian Council.
  9343 | D:10     | Entered Level 10 of the Dungeon
  9345 | D:10     | Found a staircase to the Orcish Mines.
  9359 | D:10     | Noticed a two-headed ogre
  9368 | D:10     | Reached skill level 13 in Long Blades
  9391 | D:10     | HP: 4/85 [orc priest/divine providence (10)]
  9799 | Lair:1   | Entered Level 1 of the Lair of Beasts
  9799 | Lair:1   | Noticed a black mamba
  9805 | Lair:1   | Killed a black mamba
  9806 | Lair:1   | Reached skill level 10 in Fighting
  9806 | Lair:1   | Gained mutation: You cannot train Dodging skill. [Ru
                  | sacrifice]
  9806 | Lair:1   | Reached *** piety under Ru
  9963 | Lair:1   | Noticed Fannar
  9988 | Lair:1   | Killed Fannar
  9989 | Lair:1   | Reached skill level 14 in Long Blades
  9989 | Lair:1   | Reached XP level 10. HP: 38/93 MP: 9/9
 10300 | Lair:1   | Noticed a six-headed hydra
 10310 | Lair:1   | Killed a six-headed hydra
 10311 | Lair:1   | Reached skill level 5 in Shields
 10624 | Lair:2   | Noticed a cane toad
 10629 | Lair:3   | Noticed a catoblepas
 10629 | Lair:3   | Noticed a black mamba
 10670 | Lair:3   | Killed a catoblepas
 10673 | Lair:3   | Slain by a yak

Illustrated notes

Levels and vault maps discovered:
D:1:      wheals_arrival_linesprint, layout_basic
D:2:      layout_loops_cross, minmay_pentomino_z4, uniq_natasha
D:3:      layout_basic
D:4:      layout_loops_ring, nicolae_ashenzari_panopticon, serial_shops, shop,
          gup_sewer_entry_glass
D:5:      layout_layer_cave, lemuel_coloured_pillars_altar, serial_shops, shop,
          amcnicky_mini_pool_small, chequers_garden
D:6:      layout_loops_ring, minmay_temple_entry_stoned_glass, feat_on_display
D:7:      layout_gridville, old_standard_altar, nicolae_ru_sacrificial_ziggurat,
          minmay_misc_feat_encased
D:8:      layout_loops_cross, grunt_qazlal_clouds, lair_entry_dummy, basic_altar
D:9:      layout_basic, kennysheep_little_box
D:10:     layout_rooms, erik_orc_4
Temple:   kb_temple_of_zot
Lair:1:   layout_chaotic_city, uniq_fannar, uniq_nergalle
Lair:2:   mu_elephants_graveyard, layout_hall_layers, minmay_shoals_entry_hut,
          nicolae_spider_entry_non_spiders, chequers_serial_rivers_micro_b
Lair:3:   layout_cellular_growth, chequers_serial_rivers_micro_e, ice2_lemuel,
          serial_bayou_shore_b, uniq_snorg

Skill      XL: |  1  2  3  4  5  6  7  8  9 10 |
---------------+-------------------------------+-----
Long Blades    | 3 4 5 6 7 9 12 14 | 14.0
Armour         | 5 6 7 8 9 |  9.6
Fighting       | 7 9 10 | 10.0
Shields        | 6 |  6.5

Action                   |  1- 3 |  4- 6 |  7- 9 | 10-12 || total
-------------------------+-------+-------+-------+-------++-------
Melee: Long sword        |    61 |   168 |   228 |       ||   457
       Headbutt          |    10 |    35 |    81 |     7 ||   133
       Scimitar          |       |       |   214 |    20 ||   234
Invok: Sacrifice Experie |       |       |     1 |       ||     1
       Sacrifice Nimblen |       |       |     1 |       ||     1
       Draw Out Power    |       |       |       |     2 ||     2
Evoke: Wand              |       |       |       |     4 ||     4
 Stab: Petrified         |       |       |       |     2 ||     2
Armor: Scale mail        |    27 |     8 |       |       ||    35
       Plate armour      |       |    84 |   215 |    79 ||   378
Dodge: Dodged            |    28 |    51 |   106 |    20 ||   205
Block: Kite shield       |    13 |       |       |       ||    13
       Buckler           |    11 |    55 |   112 |    14 ||   192
       Rpst.: Long sword |    10 |    11 |    16 |       ||    37
       Scimitar          |       |       |     9 |     6 ||    15
